 Dungeon Crawl Stone Soup version 0.29-a0-1009-g60c99734e7 (webtiles) character file.

Game seed: 942404194771529527

5 flotson the Sneak (level 1, 0/18 HPs)
             Began as a Demonspawn Delver on Aug 8, 2022.
             Slain by an orc
             ... wielding a +0 hand axe
              (5 damage)
             ... on level 5 of the Dungeon.
             The game lasted 00:00:18 (27 turns).

flotson the Sneak (Demonspawn Delver)                 Turns: 27, Time: 00:00:18

Health: 0/18       AC:  3    Str: 12    XL:     1   Next: 66%
Magic:  1/1        EV: 11    Int: 11    God:
Gold:   0          SH:  0    Dex: 14    Spells: 0/0 levels left

rFire   . . .      SeeInvis .   a - +0 spear
rCold   . . .      Faith    .   (no shield)
rNeg    . . .      Spirit   .   b - +0 leather armour
rPois   .          Reflect  .   (no helmet)
rElec   .          Harm     .   (no cloak)
rCorr   .          Rampage  .   (no gloves)
Will    .....                   (no boots)
Stlth   ++........              (no amulet)
HPRegen 0.06/turn               (no ring)
MPRegen 0.07/turn               (no ring)

@: hasted, very quick
A: no striking features
a: no special abilities


You were on level 5 of the Dungeon.
You visited 1 branch of the dungeon, and saw 1 of its levels.

Inventory:

Hand Weapons
 a - a +0 spear (weapon)
Armour
 b - a +0 leather armour (worn)
Wands
 g - a wand of digging (3)
Scrolls
 c - a scroll of fog
 d - a scroll of magic mapping
 e - a scroll of fear
 h - a scroll of immolation {unknown}


   Skills:
 + Level 3.1 Fighting
 - Level 1.7 Polearms
 + Level 0.3 Armour
 + Level 1.9 Dodging
 - Level 4.5 Stealth
 + Level 0.4 Evocations


You couldn't memorise any spells.
You didn't know any spells.
Your spell library was empty.

Dungeon Overview and Level Annotations

Branches:
Dungeon (5/15)
 Temple: D:4-7

Altars:


Message History

Press ? for a list of commands and other information.
Found a scroll labelled OTZYAC TUBENKY.
Found two stone staircases leading down.
h - a scroll labelled OTZYAC TUBENKY An orc comes into view.
It is wielding a +0 hand axe.
An ufetubus comes into view.
You feel yourself speed up.
Reach: a) +0 spear
Press: ? - help, Dir - move target, f - ufetubus
Aim: an ufetubus (about 56% to evade your +0 spear)
You reach to attack!
You closely miss the ufetubus. You hit the ufetubus.
The ufetubus is lightly wounded.
The ufetubus barely misses you.
The ufetubus hits you but does no damage.
You closely miss the ufetubus.
The ufetubus is lightly wounded.
The ufetubus hits you. x2
You hit the ufetubus.
The ufetubus is heavily wounded.
The ufetubus hits you. The ufetubus barely misses you.
You hit the ufetubus.
You kill the ufetubus!
Found 14 gold pieces.
Found an escape hatch in the floor.
The orc shouts!
Reach: a) +0 spear
Press: ? - help, Dir - move target, f - orc
Aim: an orc, wielding a +0 hand axe and wearing a +0 scale mail (about 35% to evade your +0 spear)
You reach to attack!
You hit the orc.
The orc is lightly wounded.
You hit the orc but do no damage.
The orc is lightly wounded.
You closely miss the orc.
The orc is lightly wounded.
The orc hits you with a +0 hand axe.
* * * LOW HITPOINT WARNING * * *
You hit the orc but do no damage.
The orc is lightly wounded.
The orc hits you with a +0 hand axe.
You die...

##...####.....#
#..>..........#
.............#.#..#
#...#####..>.###.##
#.# #..##.##.## .
#...#....###
#...#......##
...#........#
...####@###..#
#...o.......
#>.....##.....
......##.. ###.
.....# #.# ....# ..
...$ ... ... ....


You could see an orc.

Vanquished Creatures
  An ufetubus (D:5)
1 creature vanquished.

Notes
Turn   | Place    | Note
-------+----------+-------------------------------------------
     0 | D:5      | flotson the Demonspawn Delver began the quest for the Orb.
     0 | D:5      | Reached XP level 1. HP: 18/18 MP: 1/1
    27 | D:5      | Slain by an orc

Illustrated notes

Levels and vault maps discovered:
D:5:      layout_cave_pools, tgw_kikubaaqudgha,
          gammafunk_temple_overflow_elements, nicolae_ossuary_entry_ruins,
          uniq_edmund

Action                   || total
-------------------------++-------
Melee: Spear             ||     9
  Use: Potion            ||     1
Armor: Leather armour    ||     1
Dodge: Dodged            ||     2

Table legend: (Time is in decaauts)
 A = Elapsed time spent in this place.
 B = Non-inter-level travel time spent in this place.
 C = Inter-level travel time spent in this place.
 D = Time resting spent in this place.
 E = Time spent auto-exploring this place.
 F = Levels seen in this place.
 G = Mean time per level.
                   A        B        C        D        E       F      G
               +--------+--------+--------+--------+--------+-----+--------+
         Total |     23 |     23 |      0 |      0 |     10 |   1 |   23.0 |
       Dungeon |     23 |     23 |      0 |      0 |     10 |   1 |   23.0 |
               +--------+--------+--------+--------+--------+-----+--------+

Top non-repeatable levels by time:
     D:5: 23 daAuts
